 Dungeon Crawl Stone Soup version 0.22-a0-803-gd6d8abe (webtiles) character file.

373 Leszczynek the Conjurer (level 6, -9/35 HPs)
             Began as a Tengu Earth Elementalist on July 22, 2018.
             Mangled by a yak (18 damage)
             ... on level 6 of the Dungeon.
             The game lasted 00:17:26 (2215 turns).

Leszczynek the Conjurer (Tengu Earth Elementalist)  Turns: 2215, Time: 00:17:26

Health: -9/35      AC:  2    Str:  8 (9)  XL:     6   Next: 72%
Magic:  7/10       EV: 15    Int: 14 (17) God:
Gold:   132        SH:  0    Dex: 13 (14) Spells: 5/9 levels left

rFire    . . .     SeeInvis .   a - +2 spear (venom)
rCold    . . .     Gourm    .   (no shield)
rNeg     . . .     Faith    .   c - +0 robe
rPois    .         Spirit   .   (helmet restricted)
rElec    .         Reflect  .   (no cloak)
rCorr    .         Harm     .   (no gloves)
MR       +....                  (boots unavailable)
Stlth    ++........             (no amulet)
HPRegen  0.11/turn              h - ring of protection from magic
MPRegen  0.12/turn              t - +3 ring of slaying

@: flying quickly and evasively, quick
A: beak, talons 3, able to fly 1
a: no special abilities


You were on level 6 of the Dungeon.
You were not hungry.

You visited 1 branch of the dungeon, and saw 6 of its levels.

You collected 132 gold pieces.

Inventory:

Hand Weapons
 a - a +2 spear of venom (weapon)
 x - a +0 mace
Missiles
 b - 34 stones (quivered)
 r - 6 tomahawks
Armour
 c - a +0 robe (worn)
 e - a +0 leather armour
Jewellery
 h - a ring of protection from magic (left hand)
 i - an uncursed ring of poison resistance
 n - an uncursed ring of positive energy
 q - an uncursed ring of resist corrosion
 t - a +3 ring of slaying (right hand)
Scrolls
 o - 2 scrolls of identify {unknown}
 p - 2 scrolls of remove curse {unknown}
 s - 2 scrolls of teleportation {unknown}
 y - a scroll of blinking {unknown}
 z - a scroll of enchant weapon {unknown}
 A - a scroll of immolation {unknown}
Potions
 f - 2 potions of heal wounds {unknown}
 g - a potion of mutation {unknown}
 k - 2 potions of degeneration
 m - a potion of haste {unknown}
 u - a potion of flight {unknown}
 v - a potion of might {unknown}
 w - 2 potions of curing {unknown}
Comestibles
 d - 7 rations


   Skills:
 - Level 2.2 Fighting
 + Level 3.1 Polearms
 - Level 2.1 Dodging
 - Level 2.0 Stealth
 - Level 2.0 Spellcasting
 + Level 6.3 Conjurations
   Level 0.7 Transmutations
 - Level 2.5 Earth Magic


You had 5 spell levels left.
You knew the following spells:

 Your Spells              Type           Power        Failure   Level  Hunger
a - Sandblast             Erth           #.....       9%          1    ##.....
b - Stone Arrow           Conj/Erth      ##....       12%         3    ####...

Your spell library contained the following spells:

 Spells                   Type           Power        Failure   Level  Hunger
 Passwall                 Tmut/Erth      #.......     19%         2    ###....
 Lee's Rapid Deconstruct  Erth           #.........   93%         5    ######.
 Petrify                  Tmut/Erth      #.......     77%         4    #####..


Dungeon Overview and Level Annotations

Branches:
Dungeon (6/15)
 Temple: D:4-7

Altars:
Nemelex Xobeh
Qazlal

Annotations:
D:3 yiuf, Sigmund, Terence
D:6 Pikel


Innate Abilities, Weirdness & Mutations

You have a beak for a mouth.
You have claws for feet.
You can fly.


Message History

Enter note: out of which 4 are next to me Unknown command.
You swoop lightly up into the air.
You feel very comfortable in the air.
You feel somewhat more hungry.
The yak bellows!
The orc misses you. The slave hits you. The orc closely misses you.
Pikel barely misses you. The yak gores you! The slave hits you!
The slave hits you but does no damage. The orc misses you.
The slave barely misses you.
Found 13 stones.
Unknown command.
Unknown command.
Unknown command.
Unknown command.
It was a potion of degeneration.
There was something very wrong with that liquid.
You feel weakened.
You feel dopey.
You feel clumsy. The orc wizard completely misses you. The yak gores you!!
Ouch! That really hurt!
You die...

..?.....### .#
.?.....)..##.# .#
?............##.#
.......?.....#..#
.......... ...(#
.........# ...#
......YYY# ..#
.......pp##.#
.....YYpKo@.#
###....cFY#.#
.....#..###...
......... .#.#
.......## ##...
#..#### ##. ... .


You could see Pikel, 5 yaks, 3 slaves, a bullfrog, a centaur and an orc wizard.

Vanquished Creatures
  2 ogres (D:4)
  A crimson imp (D:5)
  3 worker ants
  A gnoll (D:4)
  2 adders (D:2)
  An ooze (D:5)
  A worm (D:4)
  3 dart slugs
  2 leopard geckos
  An orc (D:3)
  3 ball pythons
  7 bats
  A giant cockroach (D:2)
  6 goblins
  7 hobgoblins
  4 jackals (D:1)
  6 kobolds
  2 quokkas (D:2)
  A leopard gecko skeleton (D:4)
  A quokka zombie (D:5)
  3 rats (D:2)
58 creatures vanquished.

Notes
Turn   | Place    | Note
-------+----------+-------------------------------------------
     0 | D:1      | Leszczynek the Tengu Earth Elementalist began the quest for the Orb.
     0 | D:1      | Reached XP level 1. HP: 10/10 MP: 4/4
    60 | D:1      | Reached skill level 1 in Fighting
   110 | D:1      | Reached XP level 2. HP: 16/16 MP: 0/6
   172 | D:2      | Found a stormy altar of Qazlal.
   437 | D:3      | Reached skill level 2 in Fighting
   467 | D:3      | Reached XP level 3. HP: 21/21 MP: 2/7
   542 | D:3      | Learned a level 3 spell: Stone Arrow
   563 | D:3      | Noticed Terence
   695 | D:2      | Ouch! That really hurt!
   700 | D:2      | ouch!
   771 | D:1      | Reached skill level 1 in Conjurations
   982 | D:1      | Reached skill level 2 in Conjurations
  1159 | D:2      | Reached XP level 4. HP: 26/26 MP: 6/8
  1236 | D:2      | Reached skill level 3 in Conjurations
  1289 | D:3      | Noticed Sigmund
  1610 | D:4      | Reached skill level 4 in Conjurations
  1610 | D:4      | Gained mutation: You can fly. [Tengu growth]
  1610 | D:4      | Reached XP level 5. HP: 30/30 MP: 0/9
  1761 | D:5      | Entered Level 5 of the Dungeon
  1776 | D:5      | Noticed an ogre
  1805 | D:4      | Noticed an ogre
  1847 | D:4      | Killed an ogre
  1847 | D:4      | Reached skill level 1 in Polearms
  1847 | D:4      | Reached skill level 5 in Conjurations
  1847 | D:4      | Reached XP level 6. HP: 24/35 MP: 6/10
  1952 | D:4      | Reached skill level 2 in Polearms
  1952 | D:4      | Reached skill level 6 in Conjurations
  2073 | D:6      | Noticed a phantom
  2113 | D:5      | Found a sparkling altar of Nemelex Xobeh.
  2148 | D:5      | Reached skill level 3 in Polearms
  2210 | D:6      | Noticed Pikel
  2210 | D:6      | Noticed a slave
  2210 | D:6      | Noticed a slave
  2210 | D:6      | Noticed a slave
  2210 | D:6      | Noticed a slave
  2210 | D:6      | Noticed a yak
  2210 | D:6      | Noticed a yak
  2210 | D:6      | Noticed a yak
  2210 | D:6      | Noticed a yak
  2210 | D:6      | Noticed a yak
  2210 | D:6      | Noticed a yak
  2211 | D:6      | just so you know what i died to
  2211 | D:6      | i have 11 red threats in my sight
  2211 | D:6      | out of which 4 are next to me
  2215 | D:6      | Ouch! That really hurt!
  2215 | D:6      | Mangled by a yak

Vault maps used:
D:1:      lightli_arrival_quake
D:2:      overflow_temple_1_default, nicolae_qazlal_eye_of_the_storm,
          first_ration, kennysheep_small_spiral
D:3:      serial_park_tiny_pond, tso_altar, uniq_terence, uniq_robin,
          uniq_sigmund, uniq_crazy_yiuf_cottage
D:4:      minmay_misc_feat_roman
D:5:      old_standard_altar, grunt_gozag_breadcrumbs, temple_green
D:6:      bloody_makhleb, uniq_pikel

Skill      XL: |  1  2  3  4  5  6 |
---------------+-------------------+-----
Fighting       | 1 2 |  2.2
Conjurations   | 2 4 5 6 |  6.3
Polearms       | 1 3 |  3.1
Dodging        | |  2.1
Stealth        | |  2.0
Spellcasting   | |  2.0
Transmutations | |  0.7
Earth Magic    | |  2.5

Action                   |  1- 3 |  4- 6 || total
-------------------------+-------+-------++-------
Melee: Mace              |    41 |    20 ||    61
       Peck              |     4 |     1 ||     5
       Kick              |    10 |     4 ||    14
       Spear             |       |    13 ||    13
 Cast: Sandblast         |    43 |    11 ||    54
       Stone Arrow       |       |    13 ||    13
 Abil: Fly               |       |     3 ||     3
  Use: Potion            |       |     1 ||     1
 Stab: Sleeping          |     2 |     2 ||     4
  Eat: Chunk             |     2 |     5 ||     7
Armor: Robe              |    14 |     7 ||    21
Dodge: Dodged            |    40 |    23 ||    63

Table legend:
 A = Spawn XP
 B = Non-spawn XP
 C = Spawn XP percentage of total XP
 D = Spawn monster count
 E = Non-spawn monster count
 F = Spawn count percentage of total count
 G = Total turns spent on level
                    A         B        C        D         E        F      G
               +---------+---------+-------+---------+---------+-------+---------
         Total |       0 |     534 |   0.0 |       0 |      58 |   0.0 |  2215
               +---------+---------+-------+---------+---------+-------+---------
           D:1 |       0 |      41 |   0.0 |       0 |      22 |   0.0 |   653
           D:2 |       0 |      49 |   0.0 |       0 |      15 |   0.0 |   383
           D:3 |       0 |      23 |   0.0 |       0 |       9 |   0.0 |   333
           D:4 |       0 |     331 |   0.0 |       0 |       8 |   0.0 |   568
           D:5 |       0 |      90 |   0.0 |       0 |       4 |   0.0 |   271
               +---------+---------+-------+---------+---------+-------+---------
